 Dungeon Sprint DCSS version 0.21-a0-50-g941c862 (webtiles) character file.

7 Kidiri the Sneak (level 1, -4/10 HPs)
             Began as a Spriggan Enchanter on June 11, 2017.
             Was a Follower of Wu Jian.
             Slain by a scorpion (9 damage)
             ... in the Dungeon (Sprint VII: "The Pits").
             The game lasted 00:02:00 (270 turns).

Kidiri the Sneak (Spriggan Enchanter)                Turns: 270, Time: 00:02:01

Health: -4/10      AC:  2    Str:  4    XL:     1   Next: 83%
Magic:  4/5        EV: 19    Int: 16    God:    Wu Jian [*.....]
Gold:   0          SH:  0    Dex: 16    Spells: 5/6 levels left

rFire    . . .     SeeInvis +   a - +2 dagger
rCold    . . .     Gourm    .   (shield restricted)
rNeg     . . .     Faith    .   b - +0 robe
rPois    .         Spirit   .   (helmet restricted)
rElec    .         Reflect  .   (no cloak)
rCorr    .         Harm     .   (gloves unavailable)
MR       .....     NoTele   +   (boots unavailable)
Stlth    +++.......             (no amulet)
Regen    0.1/turn               (no ring)
MPRegen  0.1/turn               (no ring)

@: very quick
A: unfitting armour, see invisible, herbivore 3, speed 3, slow metabolism 2
a: Renounce Religion


You were in the Dungeon.
You worshipped Wu Jian.
Wu Jian was aware of your devotion.
You were not hungry.

You visited 1 branch

Inventory:

Hand Weapons
 a - a +2 dagger (weapon)
Armour
 b - a +0 robe (worn)
Scrolls
 j - a scroll of blinking
 l - 3 scrolls of remove curse
 m - 5 scrolls of amnesia
 n - a scroll of summoning
Potions
 f - a potion of heal wounds
 g - a potion of haste
 h - 4 potions of magic
 i - 3 potions of berserk rage
 k - 2 potions of invisibility
Books
 c - a book of Maledictions

   Spells                             Type                      Level
   a - Corona                         Hexes                        1
   b - Ensorcelled Hibernation        Hexes/Ice                    2
   c - Confuse                        Hexes                        3
   d - Tukima's Dance                 Hexes                        3
   e - Dazzling Spray                 Conjuration/Hexes            3
Comestibles
 d - 8 bread rations
 o - 40 fruits


   Skills:
 + Level 1.0 Fighting
 * Level 2.1 Short Blades
 + Level 0.2 Armour
 * Level 3.7 Dodging
 * Level 5.1 Stealth
 + Level 3.0 Spellcasting
 + Level 3.8 Hexes


You had 5 spell levels left.
You knew the following spells:

 Your Spells              Type           Power        Failure   Level  Hunger
a - Corona                Hex            ##.....      3%          1    #......


Dungeon Overview and Level Annotations

Branches:
Dungeon (1/1)

Altars:
Ashenzari
Cheibriados
Dithmenos
Elyvilon
Fedhas
Gozag
Hepliaklqana
Kikubaaqudgha
Makhleb
Nemelex Xobeh
Okawaru
Qazlal
Ru
Sif Muna
Trog
Uskayaw
Vehumet
Wu Jian
Xom
Yredelemnul
Zin
The Shining One
Beogh
Jiyva
Lugonu


Innate Abilities, Weirdness & Mutations

You are very small and have problems with some larger weapons.
You are too small for most types of armour.
You have supernaturally acute eyesight. (SInv)
You are a herbivore.
You cover ground extremely quickly.
You need consume almost no food.


Message History

The helpless scorpion fails to defend itself.
You puncture the scorpion!
The scorpion is almost dead.
The scorpion stings you but does no damage.
The bat completely misses you.
Unknown command.
You barely miss the scorpion.
The scorpion is almost dead.
The bat barely misses you. The scorpion stings you.
Ouch! That really hurt!
* * * LOW HITPOINT WARNING * * *
You are lethally poisoned!
The scorpion poisons you! The quokka completely misses you.
You feel better. The scorpion stings you. The quokka barely misses you.
The bat barely misses you.
You hit the bat.
The bat is moderately wounded.
The bat misses you. The bat hits you. The scorpion stings you!
Ouch! That really hurt!
You die...

#........%..'........
#+#####'#####......#.
#..#...'.##........
#..#...#.#####+####
#..#####.##.......#
#..'...#.##.......#
#..'...'.##.......#
#.b########...<...#
#.@+ #.......# #rs#
#.......# ####
#.......# #########


You could see a scorpion, a quokka and a bat.

Vanquished Creatures
  2 ball pythons (D)
  2 bat zombies (D)
  A giant cockroach (D)
  A bat (D)
6 creatures vanquished.

Notes
Turn   | Place    | Note
-------+----------+-------------------------------------------
     0 | D        | Kidiri the Spriggan Enchanter began the quest for the Orb.
     0 | D        | Reached XP level 1. HP: 9/9 MP: 5/5
    56 | D        | Found a bloodstained altar of Trog.
    56 | D        | Found a deep blue altar of Sif Muna.
    56 | D        | Found a viscous altar of Jiyva.
    56 | D        | Found a hazy altar of Hepliaklqana.
    56 | D        | Found an opulent altar of Gozag.
    57 | D        | Found a glowing golden altar of the Shining One.
    57 | D        | Found a glowing silver altar of Zin.
    57 | D        | Found a basalt altar of Yredelemnul.
    57 | D        | Found a shimmering altar of Xom.
    57 | D        | Found an ornate altar of the Wu Jian Council.
    57 | D        | Found a sacrificial altar of Ru.
    57 | D        | Found a stormy altar of Qazlal.
    57 | D        | Found an iron altar of Okawaru.
    57 | D        | Found a sparkling altar of Nemelex Xobeh.
    57 | D        | Found a burning altar of Makhleb.
    57 | D        | Found a blossoming altar of Fedhas.
    57 | D        | Found a white marble altar of Elyvilon.
    57 | D        | Found a shadowy altar of Dithmenos.
    57 | D        | Found a snail-covered altar of Cheibriados.
    59 | D        | Found a radiant altar of Vehumet.
    59 | D        | Found a corrupted altar of Lugonu.
    59 | D        | Found a roughly hewn altar of Beogh.
    60 | D        | Found a hide-covered altar of Uskayaw.
    60 | D        | Found an ancient bone altar of Kikubaaqudgha.
    60 | D        | Found a shattered altar of Ashenzari.
    66 | D        | Became a worshipper of the Wu Jian Council
   245 | D        | Reached * piety under Wu Jian
   250 | D        | Reached skill level 1 in Fighting
   254 | D        | Noticed a scorpion
   261 | D        | Reached skill level 5 in Stealth
   270 | D        | Slain by a scorpion

Vault maps used:
D:        pitsprint

Skill      XL: |  1 |
---------------+----+-----
Fighting       | 1 |  1.0
Short Blades   | 2 |  2.1
Stealth        | 5 |  5.1
Spellcasting   | 3 |  3.0
Armour         | |  0.2
Dodging        | |  3.7
Hexes          | |  3.8

Action                   || total
-------------------------++-------
Melee: Dagger            ||    21
 Cast: Corona            ||     5
  Use: Potion            ||     1
 Stab: Sleeping          ||     3
Armor: Robe              ||    11
Dodge: Dodged            ||    41
